[Event "ICC tourney 2250 (120 10)"]
[Site "Internet Chess Club"]
[Date "2020.12.28"]
[Round "6"]
[White "kpthomas"]
[Black "MBJPM"]
[Result "1/2-1/2"]
[ICCResult "Game drawn by mutual agreement"]
[WhiteElo "2113"]
[BlackElo "2337"]
[Opening "Réti opening"]
[ECO "A06"]
[NIC "QP.09"]
[Time "17:16:28"]
[PlyCount "50"]
[TimeControl "7200+10"]

1. Nf3 d5 2. e3 Nf6 3. c4 e6 4. Nc3 Be7 5. b3 O-O 6. Bb2 dxc4 7. Bxc4 a6 8.
a4 c5 9. O-O Nc6 10. d4 cxd4 11. exd4 Nb4 12. Re1 Nbd5 13. Nxd5 Nxd5 14.
Rc1 Bd7 15. Bd3 Bb4 16. Rf1 Qe7 17. Bb1 Rfd8 18. Qd3 g6 19. Ne5 Rac8 20.
Qf3 Be8 21. Be4 Rxc1 22. Bxc1 f6 23. Nd3 Bc6 24. Nxb4 Nxb4 25. Ba3 Rxd4 {
Game drawn by mutual agreement } 1/2-1/2

[Event "ICC tourney 2250 (120 10)"]
[Site "Internet Chess Club"]
[Date "2020.12.28"]
[Round "6"]
[White "Buffalo09"]
[Black "JKogen"]
[Result "0-1"]
[ICCResult "White resigns"]
[WhiteElo "2256"]
[BlackElo "2354"]
[Opening "Sicilian: Najdorf, 7.f4"]
[ECO "B96"]
[NIC "SI.06"]
[Time "17:16:33"]
[PlyCount "56"]
[TimeControl "7200+10"]

1. e4 c5 2. Nf3 d6 3. d4 cxd4 4. Nxd4 Nf6 5. Nc3 a6 6. Bg5 e6 7. f4 Nbd7 8.
Qe2 h6 9. Bh4 e5 10. fxe5 dxe5 11. Nb3 Bb4 12. Qf3 Bxc3+ 13. bxc3 Qc7 14.
Be2 b6 15. O-O Bb7 16. Nd2 O-O 17. Rad1 Qc6 18. Bc4 Rac8 19. Rfe1 b5 20.
Bd3 Qxc3 21. Nf1 Qb4 22. Ne3 Nxe4 23. Qg4 Ndc5 24. Nf5 g6 25. Ne7+ Kg7 26.
Nxc8 Qd4+ 27. Kh1 Nf2+ 28. Bxf2 Qxg4 { White resigns } 0-1

[Event "ICC tourney 2250 (120 10)"]
[Site "Internet Chess Club"]
[Date "2020.12.28"]
[Round "6"]
[White "RajeshCS"]
[Black "sriramk"]
[Result "1-0"]
[ICCResult "Black resigns"]
[WhiteElo "2310"]
[BlackElo "2168"]
[Opening "English: Bremen system, Keres variation"]
[ECO "A23"]
[NIC "EO.12"]
[Time "17:16:28"]
[PlyCount "51"]
[TimeControl "7200+10"]

1. c4 e5 2. Nc3 Nf6 3. g3 c6 4. Nf3 e4 5. Nd4 Qb6 6. Nc2 d5 7. Bg2 Bf5 8.
d3 Be7 9. cxd5 cxd5 10. Nxd5 Nxd5 11. dxe4 Bxe4 12. Bxe4 Nf6 13. Bg2 O-O
14. Qd4 Bc5 15. Qf4 Re8 16. O-O Rxe2 17. Ne3 Bxe3 18. Bxe3 Qa6 19. Rfd1 Nc6
20. Bf1 Re8 21. Rd2 Rxd2 22. Bxa6 Rxb2 23. Bf1 Nd5 24. Qf3 Nxe3 25. fxe3
Ne5 26. Qe4 { Black resigns } 1-0

[Event "ICC tourney 2250 (120 10)"]
[Site "Internet Chess Club"]
[Date "2020.12.28"]
[Round "6"]
[White "espark"]
[Black "Aleksandrov73"]
[Result "1/2-1/2"]
[ICCResult "Game drawn by mutual agreement"]
[WhiteElo "2338"]
[BlackElo "2629"]
[Opening "Giuoco Piano"]
[ECO "C54"]
[NIC "IG.02"]
[Time "17:17:17"]
[PlyCount "88"]
[TimeControl "7200+10"]

1. e4 e5 2. Nf3 Nc6 3. Bc4 Bc5 4. c3 Nf6 5. d4 exd4 6. e5 d5 7. Bb5 Ne4 8.
cxd4 Bb6 9. Nc3 O-O 10. Be3 Bg4 11. h3 Bh5 12. Qc2 Bg6 13. Qb3 Ne7 14. O-O
c6 15. Bd3 Nd2 16. Nxd2 Bxd3 17. Rfe1 Bg6 18. Na4 Nf5 19. Qc3 f6 20. Nxb6
axb6 21. Nf3 Nxe3 22. Qxe3 Re8 23. Qc3 Be4 24. Nd2 fxe5 25. Nxe4 dxe4 26.
Rxe4 exd4 27. Rxe8+ Qxe8 28. Qxd4 b5 29. a3 Rd8 30. Qc3 h6 31. Re1 Qg6 32.
Qe5 Kh7 33. Kh2 Rd5 34. Qe3 c5 35. g3 c4 36. Re2 Rd3 37. Qe5 Qc6 38. Qf5+
Kg8 39. Re6 Rf3 40. Re8+ Qxe8 41. Qxf3 Qe5 42. Qc3 Qd5 43. Qe3 h5 44. h4
Qf5 { Game drawn by mutual agreement } 1/2-1/2

[Event "ICC tourney 2250 (120 10)"]
[Site "Internet Chess Club"]
[Date "2020.12.28"]
[Round "6"]
[White "josuevm"]
[Black "sathviks"]
[Result "1/2-1/2"]
[ICCResult "Game drawn by repetition"]
[WhiteElo "2272"]
[BlackElo "2237"]
[Opening "Scandinavian (center counter) defense"]
[ECO "B01"]
[NIC "VO.17"]
[Time "17:17:17"]
[PlyCount "106"]
[TimeControl "7200+10"]

1. e4 d5 2. Nc3 d4 3. Nce2 e5 4. Nf3 Bd6 5. Ng3 Ne7 6. Bc4 O-O 7. O-O a6 8.
a4 c5 9. d3 Nbc6 10. Bg5 h6 11. Bd2 Rb8 12. Nh4 b5 13. axb5 axb5 14. Ba2
Kh8 15. Nhf5 Nxf5 16. exf5 Be7 17. f4 c4 18. Qh5 f6 19. dxc4 bxc4 20. Bxc4
Rxb2 21. fxe5 Qe8 22. exf6 Bxf6 23. Ra2 Qxh5 24. Nxh5 Rxa2 25. Bxa2 Bg5 26.
Bxg5 hxg5 27. f6 gxf6 28. Rxf6 Rxf6 29. Nxf6 Kg7 30. Ne8+ Kg6 31. Nd6 Ba6
32. Kf2 Nb4 33. Bb3 Kf6 34. Ne4+ Kf5 35. Nc5 Bb5 36. Bg8 Ke5 37. Bh7 Nd5
38. Ne4 g4 39. Nc5 Ne3 40. Nd3+ Bxd3 41. Bxd3 Kf4 42. Bh7 Nc4 43. Bg6 Ne3
44. Bd3 Nd1+ 45. Ke2 Ne3 46. g3+ Ke5 47. c4 Kd6 48. Ke1 Kc5 49. Be2 Kb4 50.
Kf2 Kc5 51. Ke1 Kb4 52. Kf2 Kc5 53. Ke1 Kb4 { Game drawn by repetition }
1/2-1/2

[Event "ICC tourney 2250 (120 10)"]
[Site "Internet Chess Club"]
[Date "2020.12.28"]
[Round "6"]
[White "hidedozyo"]
[Black "superind"]
[Result "0-1"]
[ICCResult "White resigns"]
[WhiteElo "2200"]
[BlackElo "2710"]
[Opening "King's Indian: Sämisch, 5...O-O"]
[ECO "E81"]
[NIC "KI.54"]
[Time "17:17:17"]
[PlyCount "88"]
[TimeControl "7200+10"]

1. d4 Nf6 2. c4 g6 3. Nc3 Bg7 4. e4 d6 5. f3 O-O 6. Be3 c5 7. dxc5 dxc5 8.
Qxd8 Rxd8 9. Bxc5 Nc6 10. Nge2 Nd7 11. Be3 Nde5 12. Nf4 Nb4 13. Rc1 Be6 14.
b3 Bh6 15. Nxe6 Bxe3 16. Nxd8 Bxc1 17. Nxb7 Bb2 18. Nd5 Rb8 19. Nc5 Nxa2
20. f4 Nc6 21. Nc7 Bc3+ 22. Kd1 Rd8+ 23. Bd3 Bd4 24. N7a6 Ncb4 25. Ke2 Nc3+
26. Kd2 Bxc5 27. Nxc5 Nxe4+ 28. Nxe4 Rxd3+ 29. Ke2 Rxb3 30. Ra1 Nc2 31.
Rxa7 Re3+ 32. Kd2 Rxe4 33. Kxc2 Rxc4+ 34. Kd3 Rxf4 35. Rxe7 Rf2 36. g3 Rxh2
37. Ke3 h5 38. Kf3 Kg7 39. Ra7 Rb2 40. Ra6 g5 41. Ra5 Kg6 42. Ra6+ f6 43.
Ra5 g4+ 44. Ke4 Rb3 { White resigns } 0-1

[Event "ICC tourney 2250 (120 10)"]
[Site "Internet Chess Club"]
[Date "2020.12.28"]
[Round "6"]
[White "jy2020"]
[Black "Dipankar007"]
[Result "1-0"]
[ICCResult "Black resigns"]
[WhiteElo "2227"]
[BlackElo "1850"]
[Opening "Sicilian: Najdorf, Opocensky variation"]
[ECO "B92"]
[NIC "SI.10"]
[Time "17:17:17"]
[PlyCount "103"]
[TimeControl "7200+10"]

1. e4 c5 2. Nf3 d6 3. d4 cxd4 4. Nxd4 Nf6 5. Nc3 a6 6. Be2 e5 7. Nf3 h6 8.
Nd2 Be6 9. Nc4 Qc7 10. Ne3 Nbd7 11. a4 Nb6 12. Ncd5 Nbxd5 13. exd5 Bc8 14.
a5 Be7 15. c4 O-O 16. O-O Nh7 17. Nc2 f5 18. Be3 f4 19. Bb6 Qd7 20. f3 Qe8
21. Bd3 Nf6 22. Qd2 Nh5 23. b4 Kh8 24. Rfe1 Rg8 25. Qe2 Qf7 26. Bf2 Bd7 27.
c5 Rae8 28. Rac1 g5 29. h3 Nf6 30. c6 bxc6 31. dxc6 Be6 32. Bxa6 h5 33. Nd4
Bxh3 34. gxh3 g4 35. Kh1 Bd8 36. Nb5 gxf3 37. Qxf3 e4 38. Nxd6 Qe6 39. Nxe4
Nxe4 40. Bd4+ Kh7 41. Bd3 Kh6 42. Rxe4 Qd5 43. Rc5 Rg3 44. Qxg3 fxg3 45.
Rxd5 g2+ 46. Kg1 Rxe4 47. Bxe4 Bxa5 48. Rxh5+ Kxh5 49. bxa5 Kh4 50. c7 Kxh3
51. c8=Q+ Kg3 52. Be5+ { Black resigns } 1-0

[Event "ICC tourney 2250 (120 10)"]
[Site "Internet Chess Club"]
[Date "2020.12.28"]
[Round "6"]
[White "Venom2020"]
[Black "tejasrama"]
[Result "1/2-1/2"]
[ICCResult "Game drawn by mutual agreement"]
[WhiteElo "2155"]
[BlackElo "2293"]
[Opening "Sicilian: Sozin with ...a6 and ...b5"]
[ECO "B87"]
[NIC "SI.13"]
[Time "17:16:37"]
[PlyCount "75"]
[TimeControl "7200+10"]

1. e4 c5 2. Nf3 d6 3. d4 cxd4 4. Nxd4 Nf6 5. Nc3 a6 6. Bc4 e6 7. Bb3 b5 8.
O-O Nbd7 9. Re1 Nc5 10. Bg5 Bb7 11. Bd5 Qb6 12. Bxf6 gxf6 13. Qh5 O-O-O 14.
Bxb7+ Nxb7 15. Nb3 Rd7 16. a4 b4 17. a5 Qc6 18. Na4 Rc7 19. Nd4 Qe8 20. Qe2
Nc5 21. Nxc5 dxc5 22. Qxa6+ Kb8 23. Nf3 Qc6 24. Qc4 Rg8 25. c3 Ka7 26. cxb4
cxb4 27. Qd4+ Qc5 28. Rec1 Qxd4 29. Rxc7+ Kb8 30. Nxd4 Kxc7 31. Nb5+ Kc6
32. Nd4+ Kc5 33. Nc2 Kb5 34. a6 Bc5 35. Kf1 Kc4 36. Ne1 Kb3 37. Nd3 Bd4 38.
Ke2 { Game drawn by mutual agreement } 1/2-1/2

[Event "ICC tourney 2250 (120 10)"]
[Site "Internet Chess Club"]
[Date "2020.12.28"]
[Round "6"]
[White "TjkTiger"]
[Black "sahilmd"]
[Result "1/2-1/2"]
[ICCResult "Game drawn by mutual agreement"]
[WhiteElo "2602"]
[BlackElo "2536"]
[Opening "English: Mikenas-Carls variation"]
[ECO "A18"]
[NIC "EO.57"]
[Time "17:17:17"]
[PlyCount "97"]
[TimeControl "7200+10"]

1. c4 Nf6 2. Nc3 e6 3. e4 d5 4. cxd5 exd5 5. e5 d4 6. exf6 dxc3 7. Bb5+ c6
8. Qe2+ Be6 9. Bc4 Qxf6 10. dxc3 Bc5 11. Nf3 O-O 12. Bxe6 fxe6 13. O-O Nd7
14. Re1 Rae8 15. Bg5 Qg6 16. Bh4 Qg4 17. Bg3 e5 18. Qe4 Qxe4 19. Rxe4 Re7
20. Rd1 Rfe8 21. Bh4 Rf7 22. Rd2 Bb6 23. Bg3 Rfe7 24. Kf1 Bc7 25. Bh4 Rf7
26. Ng5 Rfe7 27. Nf3 Rf7 28. Ng5 Rfe7 29. Re1 Nf6 30. Ne4 Nxe4 31. Rxe4 Rf7
32. Bg3 Rfe7 33. Ke2 h6 34. h4 g6 35. h5 g5 36. Kf3 Kg7 37. Kg4 Kf6 38. Rd3
a5 39. Rf3+ Kg7 40. Rf5 b6 41. Kf3 Rf7 42. Rxf7+ Kxf7 43. Re3 Rf8 44. Ke4
Ke6 45. Rd3 Bd6 46. Rd1 Bc7 47. f3 Bd6 48. Rh1 Bc7 49. Rd1 { Game drawn by
mutual agreement } 1/2-1/2

[Event "ICC tourney 2250 (120 10)"]
[Site "Internet Chess Club"]
[Date "2020.12.28"]
[Round "6"]
[White "KRASAVCHIK"]
[Black "helavir"]
[Result "1-0"]
[ICCResult "Black forfeits on time"]
[WhiteElo "2458"]
[BlackElo "2626"]
[Opening "Caro-Kann: Panov-Botvinnik attack, 5...g6"]
[ECO "B14"]
[NIC "CK.03"]
[Time "17:17:17"]
[PlyCount "123"]
[TimeControl "7200+10"]

1. e4 c6 2. d4 d5 3. exd5 cxd5 4. c4 Nf6 5. Nc3 g6 6. Qb3 Bg7 7. cxd5 O-O
8. Be2 Na6 9. Bf3 Qb6 10. Qxb6 axb6 11. Nge2 Nb4 12. O-O Rd8 13. d6 Rxd6
14. Bf4 Rd7 15. Be5 e6 16. Rfd1 Nc6 17. Bf4 Ne7 18. a3 Nfd5 19. Be5 Rd8 20.
Rac1 Bh6 21. Rc2 Bd7 22. Nxd5 Nxd5 23. Bxd5 exd5 24. Nc3 Rac8 25. Re2 Be6
26. h4 Rc6 27. h5 gxh5 28. Bf6 Rdc8 29. Rde1 Kf8 30. f3 Rc4 31. Re5 Bd2 32.
R1e2 Bxc3 33. bxc3 Rxc3 34. Rxh5 Rxa3 35. Rb2 Rc6 36. Rxh7 Ke8 37. Rh8+ Kd7
38. Kh2 Bf5 39. Be5 Rc8 40. Rxc8 Kxc8 41. Rxb6 Ra6 42. Rb5 Be6 43. g4 Rc6
44. Kg3 Rc3 45. Kf4 Bd7 46. Ra5 b5 47. Ra7 Be6 48. Ra8+ Kd7 49. Rb8 Rb3 50.
Rb6 b4 51. g5 Rb1 52. Bd6 b3 53. Bc5 Kc7 54. Ke5 b2 55. Kf6 Kd7 56. Rb7+
Kc6 57. Rb6+ Kd7 58. Rb7+ Kc6 59. Rb3 Rf1 60. Rxb2 Rxf3+ 61. Ke7 Bc8 62.
Kd8 { Black forfeits on time } 1-0

[Event "ICC tourney 2250 (120 10)"]
[Site "Internet Chess Club"]
[Date "2020.12.28"]
[Round "6"]
[White "savchess06"]
[Black "schubakov"]
[Result "1-0"]
[ICCResult "Black resigns"]
[WhiteElo "2085"]
[BlackElo "2161"]
[Opening "Sicilian: Kan, Maróczy bind (Réti variation)"]
[ECO "B41"]
[NIC "SI.41"]
[Time "17:16:22"]
[PlyCount "204"]
[TimeControl "7200+10"]

1. e4 c5 2. Nf3 e6 3. d4 cxd4 4. Nxd4 a6 5. c4 Nf6 6. Nc3 Bb4 7. Bd3 Nc6 8.
Nc2 Be7 9. O-O O-O 10. Be3 Qc7 11. Be2 Rd8 12. Qd2 Ne5 13. b3 d5 14. exd5
exd5 15. cxd5 Be6 16. Nd4 Bxd5 17. Nxd5 Nxd5 18. Rac1 Qd7 19. Nf3 Bb4 20.
Qd4 Nc6 21. Qd3 Qe7 22. Bg5 f6 23. Bd2 Kh8 24. Rfe1 Ba3 25. Rcd1 b5 26. Qb1
Qf7 27. Bd3 g6 28. Bf1 Bb4 29. Bxb4 Ncxb4 30. Qb2 Kg8 31. a3 Nc6 32. Rc1
Rd6 33. Rc5 Rad8 34. Rec1 Nde7 35. a4 bxa4 36. Bc4 Nd5 37. Bxd5 Rxd5 38.
Rxc6 Rd1+ 39. Ne1 Qe8 40. Qc3 R8d2 41. Qc4+ Kh8 42. Qf1 Rxc1 43. Rxc1 axb3
44. Qxa6 b2 45. Qxf6+ Kg8 46. Rb1 Re2 47. Nd3 Rc2 48. Nxb2 Rc6 49. Qf3 Re6
50. h3 Re1+ 51. Rxe1 Qxe1+ 52. Kh2 Qe5+ 53. Qg3 Qxb2 54. Qf4 Kg7 55. h4 Qc3
56. g4 h6 57. Qe3 Qc7+ 58. Kg2 Qc6+ 59. Qf3 Qc5 60. Qe4 h5 61. g5 Qd6 62.
f4 Qd2+ 63. Kg3 Qc3+ 64. Qf3 Qe1+ 65. Kh3 Qe6+ 66. Kg2 Qc4 67. Qe3 Qc2+ 68.
Kg3 Qd1 69. Qe7+ Kg8 70. Qe6+ Kg7 71. Qf6+ Kh7 72. Qf7+ Kh8 73. Qf8+ Kh7
74. Qh6+ Kg8 75. Qxg6+ Kf8 76. Qf6+ Kg8 77. Qe6+ Kf8 78. Qf5+ Kg8 79. g6
Qg1+ 80. Kf3 Qf1+ 81. Ke3 Qe1+ 82. Kd4 Qb4+ 83. Ke5 Qc3+ 84. Ke6 Qc8+ 85.
Kf6 Qd8+ 86. Ke5 Qc7+ 87. Ke4 Qc2+ 88. Ke5 Qc7+ 89. Kd4 Qb6+ 90. Kc3 Qc6+
91. Kd2 Qg2+ 92. Ke3 Qg1+ 93. Ke4 Qe1+ 94. Kd5 Qa5+ 95. Ke6 Qb6+ 96. Ke7
Qc7+ 97. Qd7 Qc5+ 98. Qd6 Qa7+ 99. Kf6 Qa1+ 100. Kg5 Qa5+ 101. Kh6 Qa8 102.
Qe6+ Kh8 { Black resigns } 1-0

[Event "ICC tourney 2250 (120 10)"]
[Site "Internet Chess Club"]
[Date "2020.12.29"]
[Round "7"]
[White "ShadowApt"]
[Black "nithin"]
[Result "1/2-1/2"]
[ICCResult "Game drawn by mutual agreement"]
[WhiteElo "2105"]
[BlackElo "2250"]
[Opening "Sicilian: closed, 2...Nc6"]
[ECO "B23"]
[NIC "SI.44"]
[Time "12:03:38"]
[PlyCount "45"]
[TimeControl "7200+10"]

1. e4 c5 2. Nc3 Nc6 3. Bb5 Nd4 4. Nf3 Nxb5 5. Nxb5 a6 6. Nc3 d6 7. d4 cxd4
8. Nxd4 g6 9. Be3 Bg7 10. O-O Nf6 11. h3 O-O 12. f4 e5 13. Nde2 Re8 14. Ng3
b5 15. f5 Bb7 16. fxg6 fxg6 17. Bg5 Qb6+ 18. Kh1 Rf8 19. Bxf6 Bxf6 20. Nd5
Qd8 21. Qg4 Bc8 22. Qe2 Bg7 23. Rxf8+ { Game drawn by mutual agreement }
1/2-1/2

[Event "ICC tourney 2250 (120 10)"]
[Site "Internet Chess Club"]
[Date "2020.12.29"]
[Round "7"]
[White "sriramk"]
[Black "lmperatorX"]
[Result "0-1"]
[ICCResult "White resigns"]
[WhiteElo "2168"]
[BlackElo "2118"]
[Opening "Sicilian, Chekhover variation"]
[ECO "B53"]
[NIC "SI.02"]
[Time "12:03:50"]
[PlyCount "74"]
[TimeControl "7200+10"]

1. e4 c5 2. Nf3 d6 3. d4 cxd4 4. Qxd4 a6 5. Be2 Nc6 6. Qe3 g6 7. c4 Bg7 8.
Nc3 Nf6 9. h3 O-O 10. O-O Nd7 11. b3 Nde5 12. Rd1 Bd7 13. Bb2 Nxf3+ 14.
Bxf3 b5 15. c5 b4 16. Na4 Ne5 17. Rab1 Bxa4 18. Bxe5 Bxe5 19. bxa4 Qa5 20.
cxd6 exd6 21. Qb3 Rab8 22. Rd5 Qc7 23. Be2 a5 24. g3 Qa7 25. Kg2 Rfc8 26.
Bc4 Rb7 27. f4 Rbc7 28. Rc1 Bc3 29. Bd3 Qe3 30. Qd1 Be1 31. Qxe1 Qxc1 32.
Qxc1 Rxc1 33. Rxd6 Ra1 34. Kf3 Rxa2 35. Bb5 b3 36. Rd3 b2 37. Rb3 Rc3+ {
White resigns } 0-1

[Event "ICC tourney 2250 (120 10)"]
[Site "Internet Chess Club"]
[Date "2020.12.29"]
[Round "7"]
[White "wolfchess1"]
[Black "mchessmaster"]
[Result "1/2-1/2"]
[ICCResult "Game drawn by mutual agreement"]
[WhiteElo "2077"]
[BlackElo "1976"]
[Opening "Vienna: Paulsen variation"]
[ECO "C25"]
[NIC "VG.04"]
[Time "12:03:45"]
[PlyCount "100"]
[TimeControl "7200+10"]

1. e4 e5 2. Nc3 Nc6 3. g3 Bc5 4. Bg2 Nf6 5. d3 d6 6. Na4 Bb6 7. Nxb6 axb6
8. Ne2 Be6 9. a3 d5 10. Bg5 dxe4 11. dxe4 Qe7 12. Nc3 h6 13. Nd5 Bxd5 14.
Bxf6 Qxf6 15. exd5 Ne7 16. Qe2 O-O 17. O-O Rad8 18. Rad1 Rd7 19. Rfe1 Ng6
20. c4 Rfd8 21. b4 Qg5 22. Qe3 Qxe3 23. Rxe3 Rd6 24. c5 bxc5 25. bxc5 Ra6
26. Rb3 b6 27. cxb6 cxb6 28. d6 b5 29. Rxb5 Rdxd6 30. Rxd6 Rxd6 31. Rb8+
Kh7 32. a4 Rd1+ 33. Bf1 Ra1 34. Ra8 e4 35. Kg2 Ne5 36. a5 Ra2 37. a6 Nd3
38. Bxd3 exd3 39. Kf3 d2 40. Ke2 Kg6 41. h3 Kf6 42. a7 g6 43. h4 h5 44. f3
Ke7 45. g4 Kf6 46. gxh5 gxh5 47. Kd1 Kf5 48. Rh8 Rxa7 49. Rxh5+ Kf4 50.
Kxd2 Kxf3 { Game drawn by mutual agreement } 1/2-1/2

[Event "ICC tourney 2250 (120 10)"]
[Site "Internet Chess Club"]
[Date "2020.12.29"]
[Round "7"]
[White "pawnpush202044"]
[Black "mentalgiant"]
[Result "1-0"]
[ICCResult "Black resigns"]
[WhiteElo "1915"]
[BlackElo "1632"]
[Opening "English opening"]
[ECO "A20"]
[NIC "EO.24"]
[Time "12:03:54"]
[PlyCount "61"]
[TimeControl "7200+10"]

1. c4 e5 2. g3 Nc6 3. Bg2 Bc5 4. Nc3 a6 5. a3 Nce7 6. b4 Ba7 7. Nf3 Ng6 8.
Bb2 c6 9. d4 d6 10. dxe5 Qb6 11. Ne4 dxe5 12. Nd6+ Ke7 13. c5 Qc7 14. Nxe5
f6 15. Nef7 Be6 16. Nxh8 Nxh8 17. Nxb7 Nf7 18. Na5 Bd7 19. Qc2 Rd8 20. Rc1
Kf8 21. Qxh7 Ne7 22. Qc2 Be6 23. O-O Qc8 24. Rfd1 Bh3 25. Rxd8+ Nxd8 26.
Qd3 Bxg2 27. Kxg2 Bb8 28. Rd1 Ne6 29. Qd7 Qxd7 30. Rxd7 Ke8 31. Rxe7+ {
Black resigns } 1-0

[Event "ICC tourney 2250 (120 10)"]
[Site "Internet Chess Club"]
[Date "2020.12.29"]
[Round "7"]
[White "Drachekokosnuss"]
[Black "sirking2800"]
[Result "1/2-1/2"]
[ICCResult "Game drawn by mutual agreement"]
[WhiteElo "2100"]
[BlackElo "2005"]
[Opening "Ruy Lopez: closed, Bogolyubov variation"]
[ECO "C91"]
[NIC "RL.20"]
[Time "12:03:44"]
[PlyCount "76"]
[TimeControl "7200+10"]

1. e4 e5 2. Nf3 Nc6 3. Bb5 a6 4. Ba4 Nf6 5. O-O Be7 6. Re1 b5 7. Bb3 O-O 8.
c3 d6 9. d4 Bg4 10. Be3 Na5 11. Bc2 Nc4 12. Bc1 c5 13. b3 Nb6 14. Nbd2 Nbd7
15. d5 h6 16. Nf1 Nh7 17. h3 Bh5 18. g4 Bg6 19. Ng3 Ng5 20. Kh2 Nxf3+ 21.
Qxf3 Bg5 22. Nf5 Bxc1 23. Raxc1 Bxf5 24. gxf5 Qh4 25. Rg1 Qf4+ 26. Qxf4
exf4 27. Rg4 Ne5 28. Rxf4 g5 29. fxg6 fxg6 30. Rxf8+ Rxf8 31. Kg2 Rf3 32.
Bd1 Rd3 33. b4 c4 34. a4 Rd2 35. axb5 axb5 36. Ra1 Nd3 37. Ra8+ Kg7 38. Bg4
h5 { Game drawn by mutual agreement } 1/2-1/2

[Event "ICC tourney 2250 (120 10)"]
[Site "Internet Chess Club"]
[Date "2020.12.29"]
[Round "7"]
[White "RagingKnightNC"]
[Black "Bearbarion"]
[Result "1-0"]
[ICCResult "Black resigns"]
[WhiteElo "2112"]
[BlackElo "1921"]
[Opening "Caro-Kann: Panov-Botvinnik attack, 5...e6"]
[ECO "B14"]
[NIC "CK.03"]
[Time "12:03:40"]
[PlyCount "119"]
[TimeControl "7200+10"]

1. e4 c6 2. d4 d5 3. exd5 cxd5 4. c4 Nf6 5. Nc3 e6 6. Nf3 Bb4 7. Bd3 Nc6 8.
O-O O-O 9. Bg5 dxc4 10. Bxc4 Be7 11. Re1 b6 12. Qd2 Bb7 13. Rad1 Na5 14.
Bd3 Rc8 15. Ne5 Nd5 16. Bxe7 Qxe7 17. Bb1 Nf6 18. Re3 Nc4 19. Nxc4 Rxc4 20.
Rg3 g6 21. Qh6 Rd8 22. Ne2 Qf8 23. Qg5 Ne4 24. Bxe4 Bxe4 25. Qe5 Bb7 26.
Rc3 Rxc3 27. bxc3 Qd6 28. f4 Qd5 29. Qxd5 Bxd5 30. Kf2 Rc8 31. Rd2 Rc4 32.
g3 Ra4 33. Nc1 Ra3 34. Rc2 Be4 35. Re2 f5 36. Re3 Kf7 37. c4 Ra4 38. Rc3
Ke7 39. a3 a6 40. Ke3 b5 41. cxb5 axb5 42. Na2 Rc4 43. Rxc4 bxc4 44. Kd2
Kd6 45. Kc3 Bd3 46. Nb4 Bf1 47. h4 h6 48. a4 Ke7 49. Nc2 Bg2 50. Ne3 Bc6
51. a5 Kf6 52. Nxc4 g5 53. Kb4 gxh4 54. gxh4 Bb7 55. Ne5 h5 56. Kc5 Ke7 57.
Kb6 Ba8 58. Kc7 Bg2 59. Nc6+ Ke8 60. a6 { Black resigns } 1-0

[Event "ICC tourney 2250 (120 10)"]
[Site "Internet Chess Club"]
[Date "2020.12.29"]
[Round "7"]
[White "Plato"]
[Black "pangpangba"]
[Result "1-0"]
[ICCResult "Black resigns"]
[WhiteElo "2033"]
[BlackElo "1656"]
[Opening "Queen's pawn game"]
[ECO "A46"]
[NIC "QP.05"]
[Time "12:04:10"]
[PlyCount "51"]
[TimeControl "7200+10"]

1. d4 Nf6 2. Nf3 e6 3. Bf4 d5 4. e3 c5 5. c3 Nc6 6. Bd3 h6 7. Nbd2 Be7 8.
Ne5 Bd7 9. h3 Rc8 10. O-O O-O 11. Kh1 Re8 12. g4 g5 13. Bg3 Kg7 14. f4 Rh8
15. Kg2 Be8 16. h4 Nd7 17. hxg5 hxg5 18. Rh1 Bf6 19. Rxh8 Kxh8 20. Qh1+ Kg8
21. Qh7+ Kf8 22. Rf1 Bg7 23. Ng6+ fxg6 24. fxg5+ Nf6 25. gxf6 Bxf6 26. Bh4
{ Black resigns } 1-0

[Event "ICC tourney 2250 (120 10)"]
[Site "Internet Chess Club"]
[Date "2020.12.29"]
[Round "7"]
[White "ChessKidA8"]
[Black "Buffalo09"]
[Result "1-0"]
[ICCResult "Black resigns"]
[WhiteElo "2123"]
[BlackElo "2256"]
[Opening "Sicilian: Najdorf, 7...Be7 main line"]
[ECO "B99"]
[NIC "SI.09"]
[Time "12:03:41"]
[PlyCount "91"]
[TimeControl "7200+10"]

1. e4 c5 2. Nf3 d6 3. d4 cxd4 4. Nxd4 Nf6 5. Nc3 a6 6. Bg5 e6 7. f4 Be7 8.
Qf3 Qc7 9. O-O-O Nbd7 10. Bd3 h6 11. Bh4 g5 12. fxg5 Ne5 13. Qe2 Nfg4 14.
h3 hxg5 15. Bg3 Nf6 16. Kb1 Bd7 17. Nf3 Nh5 18. Bh2 O-O-O 19. Qe3 Rhg8 20.
g4 Nf6 21. Nxe5 dxe5 22. Bg1 Bc6 23. Bf2 Rh8 24. Bg3 Nd7 25. Rdf1 Rh7 26.
Nd5 Qd6 27. Nxe7+ Qxe7 28. Be1 Kb8 29. a3 f6 30. Bb4 Qg7 31. Bd6+ Ka8 32.
Qd2 Nf8 33. Qb4 Re8 34. Rf3 Nd7 35. Rhf1 Reh8 36. Qa5 Ka7 37. b4 Qg8 38. b5
Qc8 39. bxc6 Qxc6 40. Bb4 Rxh3 41. Bd2 Rxf3 42. Rxf3 Rh1+ 43. Ka2 Rh2 44.
Be3+ Kb8 45. Qd8+ Qc8 46. Ba7+ { Black resigns } 1-0

[Event "ICC tourney 2250 (120 10)"]
[Site "Internet Chess Club"]
[Date "2020.12.29"]
[Round "7"]
[White "BlueJay01"]
[Black "Chesslegend21"]
[Result "1/2-1/2"]
[ICCResult "Game drawn by mutual agreement"]
[WhiteElo "2094"]
[BlackElo "2132"]
[Opening "English: Neo-Catalan declined"]
[ECO "A14"]
[NIC "RE.08"]
[Time "12:03:44"]
[PlyCount "56"]
[TimeControl "7200+10"]

1. c4 Nf6 2. g3 e6 3. Bg2 d5 4. Nf3 Be7 5. O-O O-O 6. b3 b6 7. Bb2 Bb7 8.
e3 c5 9. Nc3 Nc6 10. cxd5 Nxd5 11. Nxd5 Qxd5 12. Ne5 Qd6 13. d4 cxd4 14.
Nxc6 Bxc6 15. Bxc6 Qxc6 16. Rc1 Qb7 17. Qxd4 Bf6 18. Qd2 Rfd8 19. Qe2 Bxb2
20. Qxb2 h5 21. Rc4 Rac8 22. Rxc8 Rxc8 23. Rc1 Rxc1+ 24. Qxc1 h4 25. gxh4
Qe4 26. Qc8+ Kh7 27. Qc7 Qb1+ 28. Kg2 Qe4+ { Game drawn by mutual agreement
} 1/2-1/2

[Event "ICC tourney 2250 (120 10)"]
[Site "Internet Chess Club"]
[Date "2020.12.29"]
[Round "7"]
[White "Dipankar007"]
[Black "shianen"]
[Result "1/2-1/2"]
[ICCResult "Game drawn by mutual agreement"]
[WhiteElo "1850"]
[BlackElo "2195"]
[Opening "French: advance, Nimzovich system"]
[ECO "C02"]
[NIC "FR.03"]
[Time "12:03:37"]
[PlyCount "40"]
[TimeControl "7200+10"]

1. e4 e6 2. d4 d5 3. e5 c5 4. Nf3 cxd4 5. Bd3 Nc6 6. O-O Nge7 7. Re1 Ng6 8.
Nbd2 Qc7 9. Bxg6 hxg6 10. a3 Bd7 11. Nb3 Be7 12. Bf4 O-O-O 13. Bg3 Qb6 14.
Nbxd4 Nxd4 15. Qxd4 Qxd4 16. Nxd4 Bc5 17. Red1 b6 18. Kf1 Kb7 19. Ke1 Rc8
20. Rac1 Rc7 { Game drawn by mutual agreement } 1/2-1/2

[Event "ICC tourney 2250 (120 10)"]
[Site "Internet Chess Club"]
[Date "2020.12.29"]
[Round "7"]
[White "superind"]
[Black "mikolka1985"]
[Result "1-0"]
[ICCResult "Black resigns"]
[WhiteElo "2710"]
[BlackElo "2545"]
[Opening "Giuoco Piano"]
[ECO "C54"]
[NIC "IG.02"]
[Time "12:03:49"]
[PlyCount "103"]
[TimeControl "7200+10"]

1. e4 e5 2. Nf3 Nc6 3. Bc4 Bc5 4. c3 Nf6 5. d3 a6 6. a4 d6 7. h3 Ba7 8. a5
Ne7 9. Nbd2 Ng6 10. Nf1 O-O 11. Ng3 c6 12. Bb3 h6 13. O-O d5 14. Re1 Re8
15. Be3 Bxe3 16. Rxe3 Be6 17. exd5 Nxd5 18. Re1 Ndf4 19. Bxe6 Rxe6 20. d4
exd4 21. Rxe6 Nxe6 22. Nxd4 Nxd4 23. Qxd4 Qxd4 24. cxd4 Rd8 25. Ra4 Nf4 26.
Rb4 Rd7 27. Ne4 Nd3 28. Nc5 Nxb4 29. Nxd7 Nd3 30. Kf1 Nxb2 31. Nc5 Kf8 32.
Nxb7 Ke7 33. Ke2 Ke6 34. Kd2 Kd5 35. Kc2 Nc4 36. Kc3 f5 37. h4 g6 38. Kd3
f4 39. Nc5 Nb2+ 40. Kc2 Nc4 41. Kc3 Nd6 42. Nxa6 Ne4+ 43. Kd3 Nxf2+ 44. Ke2
Ne4 45. Nb4+ Kxd4 46. a6 Nc3+ 47. Kf3 Na4 48. Nxc6+ Kc5 49. a7 Nb6 50. Ne7
g5 51. h5 Kd6 52. Nc8+ { Black resigns } 1-0